 Dungeon Crawl Stone Soup version 0.21.1-1-g345015f (webtiles) character file.

104 hannobal the Carver (level 4, 0/32 HPs)
             Began as a Gnoll Wanderer on Mar 9, 2018.
             Slain by an orc (3 damage)
             ... on level 3 of the Dungeon.
             The game lasted 00:05:02 (2627 turns).

hannobal the Carver (Gnoll Wanderer)                Turns: 2627, Time: 00:05:03

Health: 0/32       AC: 10    Str: 14 (15) XL:     4   Next: 80%
Magic:  7/7        EV:  7    Int: 10 (13) God:
Gold:   71         SH:  0    Dex: 15 (16) Spells: 5/5 levels left

rFire    . . .     SeeInvis +   a - +2 short sword (drain)
rCold    + . .     Gourm    .   (no shield)
rNeg     . . .     Faith    .   o - +0 chain mail
rPois    .         Spirit   .   (no helmet)
rElec    .         Reflect  .   (no cloak)
rCorr    .         Harm     .   g - +1 pair of gloves
MR       .....                  (no boots)
Stlth    ..........             (no amulet)
HPRegen  0.10/turn              m - ring of see invisible
MPRegen  0.10/turn              n - ring of protection from cold

@: no status effects
A: distributed training, fangs 1, strong nose
a: no special abilities


You were on level 3 of the Dungeon.
You were not hungry.

You visited 1 branch of the dungeon, and saw 3 of its levels.

You collected 71 gold pieces.

Inventory:

Hand Weapons
 a - a +2 short sword of draining (weapon)
 d - a +2 dagger
 k - a +0 falchion
 s - a +0 spear
 t - a cursed +0 morningstar
Missiles
 j - 21 bolts
 l - 17 arrows
 q - 90 stones (quivered)
 r - 17 sling bullets
Armour
 e - a +0 robe
 g - a +1 pair of gloves (worn)
 o - a +0 chain mail (worn)
Jewellery
 m - a ring of see invisible (left hand)
 n - a ring of protection from cold (right hand)
Scrolls
 h - a scroll of amnesia
 i - 5 scrolls of identify
Potions
 b - 2 potions of haste
 c - a potion of lignification
Comestibles
 f - 3 rations
 p - 6 chunks of flesh


   Skills:
 + Level 1.2 Fighting
 + Level 1.2 Short Blades
 + Level 8.6 Long Blades
 + Level 1.2 Axes
 + Level 1.2 Maces & Flails
 + Level 1.2 Polearms
 + Level 1.2 Staves
 + Level 1.2 Slings
 + Level 1.2 Bows
 + Level 1.2 Crossbows
 + Level 1.2 Throwing
 + Level 1.2 Armour
 + Level 2.8 Dodging
 + Level 6.1 Stealth
 + Level 1.2 Shields
 + Level 1.2 Unarmed Combat
 + Level 1.2 Spellcasting
 + Level 1.0 Conjurations
 + Level 1.0 Hexes
 + Level 1.0 Charms
 + Level 1.0 Summonings
 + Level 1.0 Necromancy
 + Level 1.0 Translocations
 + Level 1.0 Transmutations
 + Level 1.0 Fire Magic
 + Level 1.0 Ice Magic
 + Level 1.0 Air Magic
 + Level 1.0 Earth Magic
 + Level 1.0 Poison Magic
 + Level 1.3 Invocations
 + Level 4.7 Evocations


You had 5 spell levels left.
You didn't know any spells.

Dungeon Overview and Level Annotations

Branches:
Dungeon (3/15)

Altars:
Makhleb

Annotations:
D:3 Anonimus's ghost, amateur TrFi


Innate Abilities, Weirdness & Mutations

Your experience applies equally to all skills.
You have very sharp teeth.
Your uncanny sense of smell can sniff out nearby items.


Message History

The orc wizard hits you but does no damage.
You closely miss the orc priest.
The orc priest is severely wounded.
The bat hits you but does no damage. The orc barely misses you.
The orc priest hits you but does no damage.
The bat hits you but does no damage. The orc hits you with a club.
* * * LOW HITPOINT WARNING * * *
The orc wizard points at you and mumbles some strange words.
The magic dart hits you!
* * * LOW HITPOINT WARNING * * *
You closely miss the orc priest.
The orc priest is severely wounded.
The bat hits you but does no damage. The orc hits you but does no damage.
The orc priest hits you but does no damage.
The orc wizard hits you but does no damage.
You hit the orc priest.
The orc priest is almost dead.
The bat hits you but does no damage. The orc barely misses you.
The orc hits you.
You die...

### ..#
....#
..########
##.....#
..........
..>....#
..########
#.#....#
........#
###'#....#
#######.##
#........#
#..#
#...ob...#
##.#
#..o@o...#
## #.#
#...o....#
.# #.##
###'######
.# #..#
#.# .#
##.# #.#
.#### #.##
#.# ....#
#..# #.#
....#
##.## #.#
....# #..#
#.#


You could see an orc priest, an orc wizard, 2 orcs and a bat.

Vanquished Creatures
  An adder (D:2)
  3 gnolls (D:3)
  4 worms
  2 dart slugs
  2 leopard geckos (D:3)
  3 orcs (D:3)
  5 goblins
  5 hobgoblins
  5 kobolds
  3 quokkas
  A ball python (D:3)
  6 bats
  5 frilled lizards
  3 rats (D:1)
48 creatures vanquished.

Notes
Turn   | Place    | Note
-------+----------+-------------------------------------------
     0 | D:1      | hannobal the Gnoll Wanderer began the quest for the Orb.
     0 | D:1      | hannobal set off with: a +2 dagger, a potion of haste, a potion of lignification, a +0 falchion, a +0 robe, a ration
     0 | D:1      | Reached XP level 1. HP: 13/13 MP: 3/3
   157 | D:1      | Reached XP level 2. HP: 19/19 MP: 5/5
  1245 | D:2      | Reached XP level 3. HP: 25/25 MP: 6/6
  1363 | D:2      | Reached skill level 1 in Invocations
  1906 | D:3      | Reached skill level 1 in Fighting
  1906 | D:3      | Reached skill level 1 in Short Blades
  1906 | D:3      | Reached skill level 1 in Axes
  1906 | D:3      | Reached skill level 1 in Maces & Flails
  1906 | D:3      | Reached skill level 1 in Polearms
  1906 | D:3      | Reached skill level 1 in Staves
  1906 | D:3      | Reached skill level 1 in Slings
  1906 | D:3      | Reached skill level 1 in Bows
  1906 | D:3      | Reached skill level 1 in Crossbows
  1906 | D:3      | Reached skill level 1 in Throwing
  1906 | D:3      | Reached skill level 1 in Armour
  1906 | D:3      | Reached skill level 1 in Shields
  1906 | D:3      | Reached skill level 1 in Unarmed Combat
  1906 | D:3      | Reached skill level 1 in Spellcasting
  1906 | D:3      | Reached XP level 4. HP: 30/32 MP: 7/7
  2042 | D:3      | Noticed Anonimus's ghost (amateur TrFi)
  2384 | D:3      | Found a burning altar of Makhleb.
  2413 | D:3      | Reached skill level 1 in Conjurations
  2413 | D:3      | Reached skill level 1 in Hexes
  2413 | D:3      | Reached skill level 1 in Charms
  2413 | D:3      | Reached skill level 1 in Summonings
  2413 | D:3      | Reached skill level 1 in Necromancy
  2413 | D:3      | Reached skill level 1 in Translocations
  2413 | D:3      | Reached skill level 1 in Transmutations
  2413 | D:3      | Reached skill level 1 in Fire Magic
  2413 | D:3      | Reached skill level 1 in Ice Magic
  2413 | D:3      | Reached skill level 1 in Air Magic
  2413 | D:3      | Reached skill level 1 in Earth Magic
  2413 | D:3      | Reached skill level 1 in Poison Magic
  2627 | D:3      | Slain by an orc

Skill      XL: |  1  2  3  4 |
---------------+-------------+-----
Stealth        | 6 |  6.1
Invocations    | 1 |  1.3
Fighting       | 1 |  1.2
Short Blades   | 1 |  1.2
Axes           | 1 |  1.2
Maces & Flails | 1 |  1.2
Polearms       | 1 |  1.2
Staves         | 1 |  1.2
Slings         | 1 |  1.2
Bows           | 1 |  1.2
Crossbows      | 1 |  1.2
Throwing       | 1 |  1.2
Armour         | 1 |  1.2
Shields        | 1 |  1.2
Unarmed Combat | 1 |  1.2
Spellcasting   | 1 |  1.2
Conjurations   | 1 |  1.0
Hexes          | 1 |  1.0
Charms         | 1 |  1.0
Summonings     | 1 |  1.0
Necromancy     | 1 |  1.0
Translocations | 1 |  1.0
Transmutations | 1 |  1.0
Fire Magic     | 1 |  1.0
Ice Magic      | 1 |  1.0
Air Magic      | 1 |  1.0
Earth Magic    | 1 |  1.0
Poison Magic   | 1 |  1.0
Long Blades    | |  8.6
Dodging        | |  2.8
Evocations     | |  4.7

Action                   |  1- 3 |  4- 6 || total
-------------------------+-------+-------++-------
Melee: Falchion          |    20 |       ||    20
       Short sword       |    67 |    57 ||   124
       Bite              |     8 |     2 ||    10
  Use: Scroll            |     3 |     2 ||     5
       Potion            |     3 |       ||     3
 Stab: Sleeping          |     7 |       ||     7
  Eat: Chunk             |     2 |     3 ||     5
Armor: Robe              |    13 |       ||    13
       Chain mail        |    26 |    46 ||    72
Dodge: Dodged            |    34 |    34 ||    68
       Rpst.: Falchion   |     3 |       ||     3
